[Event "87th Tata Steel Masters 2025"]
[White "Gukesh,Dommaraju"]
[Black "Erigaisi,Arjun Kumar"]
[Site "Wijk aan Zee"]
[Round "13.5"]
[Annotator "TA"]
[Result "0-1"]
[Date "2025.02.02"]
[WhiteElo "2777"]
[BlackElo "2801"]
[PlyCount "62"]
[TimeControl "60"]

1. e4 e5 2. Nf3 Nf6 3. Nxe5 d6 4. Nc4 Nxe4 5. Qe2 Qe7 6. Ne3 Nf6 7. Nc3 {[%emt 0:5:30] C42: Petroff Defence: 3 Nxe5 and unusual White 3rd moves.} Be6 {[%emt 0:8:15] Wards off Ncd5} 8. g3 Nc6 9. Bg2 {[%emt 0:0:7] The position is equal. Repels d5} Qd7 10. O-O O-O-O 11. b4 d5 12. b5 Na5 $146 (12... Nd4 13. Qd3 Nf5 14. Nxf5 Bxf5 15. Qd4 b6 16. d3 Bh3 17. Bg5 Be7 18. a4 Bxg2 19. Kxg2 {½-½ Copar,A (2519)-Helbich,J (2517) EU-chT11 fin email 2021} )13. d4 Bh3 14. Bxh3 (14. Nexd5 $2 Bxg2 15. Kxg2 Nxd5 $19 )Qxh3 15. Qf3 h5 16. Nexd5 h4 17. Nxf6 gxf6 18. Rd1 hxg3 19. hxg3 Nc4 $40 {[%emt 0:8:3][%mdl 128] White needs to defend precisely.} (19... Bb4 $15 20. Ne4 Qh2+ 21. Kf1 Qh3+ 22. Kg1 )20. Bf4 {[%emt 0:8:42] [#]} (20. Rb1 $1 $11 )Bh6 $1 $17 21. Bxh6 Rxh6 22. Qg2 (22. Rac1 $17 )Qh5 $19 23. Rab1 (23. g4 $142 Qg5 24. d5 )Rdh8 24. Rb4 Na3 25. b6 cxb6 {[%emt 0:0:0][%cal Yh5f5] White must now prevent ...Qf5!.} (25... axb6 26. Ra4 Kb8 (26... Nxc2 27. Ra8+ Kd7 28. Rxh8 $11 )(26... Qh1+ 27. Qxh1 Rxh1+ 28. Kg2 $14 )27. Rxa3 $11 )26. Ra4 Nb5 (26... Nxc2 27. Rxa7 Qh1+ 28. Qxh1 Rxh1+ 29. Kg2 Ne1+ 30. Rxe1 R8h2+ 31. Kf3 Rxe1 32. Ra8+ Kd7 33. Rf8 $17 )27. Rd3 Nxc3 28. Rxc3+ {[%emt 0:0:0] [#]} (28. Rxa7 $142 Nd5 29. Ra8+ Kc7 30. Rxh8 Rxh8 31. Qf3 Qxf3 32. Rxf3 )Kd8 $1 ({Less strong is} 28... Kb8 29. g4 (29. Qf3 $2 {is a self mate.} Qxf3 30. Rxf3 Rh1+ 31. Kg2 R8h2# )Qh1+ 30. Qxh1 Rxh1+ 31. Kg2 R8h2+ 32. Kg3 Rh3+ 33. Kg2 Rxc3 34. Kxh1 $17 )29. f3 Qb5 {[%emt 0:0:0] ( -> ...Re8)} 30. Rxa7 {[%emt 0:0:22] [#]} Rh1+ $1 31. Kf2 (31. Qxh1 Qb1+ )R8h2 {[%emt 0:0:0] Weighted Error Value: White=0.74/Black=0.05 (flawless)   Mistake:       	White=4     	Black=1      Inaccurate:     	White=3     	---        OK:         	White=6     	Black=12     Best:        	White=2     	Black=2      Strong:       	---       	Black=2} 0-1

[Event "87th Tata Steel Masters 2025"]
[White "Giri,Anish"]
[Black "Van Foreest,Jorden"]
[Site "Wijk aan Zee"]
[Round "13.6"]
[Annotator "TA"]
[Result "1/2-1/2"]
[Date "2025.02.02"]
[WhiteElo "2731"]
[BlackElo "2680"]
[PlyCount "120"]
[TimeControl "60"]

1. e4 e5 2. Nf3 Nc6 3. Bb5 Nf6 4. O-O Nxe4 5. d4 Nd6 6. Bxc6 dxc6 7. dxe5 Nf5 8. Qxd8+ Kxd8 9. Nc3 Ne7 10. h3 {[%emt 0:2:28] Black is weak on the dark squares} Bd7 {[%emt 0:0:5] C67: Ruy Lopez: Berlin Defence: 4 0-0 Nxe4.} 11. Ne4 h6 12. Re1 (12. Nc5 $11 Bc8 13. Rd1+ Ke8 14. Nd3 )b6 $15 {[%emt 0:2:57] Black is slightly better.} 13. Bd2 $146 (13. Bf4 Kc8 14. Rad1 c5 15. g4 Be6 16. Bg3 Kb7 17. Nc3 a5 18. a3 g5 19. Rd2 Bg7 20. Red1 Rae8 {½-½ Timman,J (2607)-Hansen,S (2553) Sigeman & Co 13th 2005 (7)} )Kc8 14. Rad1 a5 15. Ng3 c5 16. Nh5 Nd5 17. a3 Be6 $1 18. g4 b5 19. Kg2 Ra6 20. Kg3 b4 21. Ra1 a4 22. c3 bxc3 23. Bxc3 Nxc3 24. bxc3 Rb6 25. Nf4 Bb3 26. Nd2 g5 27. Nh5 Be7 28. Re3 Rd8 {[%emt 0:0:28] Black has strong rooks and is better} 29. Nxb3 Rxb3 30. Rf3 c4 31. Rxf7 {[%emt 0:0:35][%csl Ya3,Yc3,Yf2] White has weak pawns} Rxa3 {[%emt 0:2:46][%csl Ya4] Black has a strong passed pawn} (31... Rxc3+ 32. Kg2 Bc5 (32... Bxa3 33. e6 $16 )(32... Rxa3 33. Rc1 $16 )33. e6 $18 )32. Rb1 Rxc3+ 33. Kg2 Rb3 (33... Bf8 $15 34. e6 a3 )34. Rc1 $1 $11 a3 35. Rxe7 c3 {[%emt 0:4:46] [#] White must now prevent ...a2.} (35... a2 $5 36. Ra1 $8 (36. Rxc4 $2 a1=Q $19 )Rd2 $11 )36. Ng7 $1 a2 37. Ne6 $1 Rb1 38. Rxc7+ (38. Rxc3 a1=Q 39. Rexc7+ (39. Rcxc7+ $2 Kb8 $19 )Kb8 40. Nxd8 Rg1+ 41. Kf3 (41. Kh2 $2 Rh1+ 42. Kg3 Qg1+ 43. Kf3 Rxh3+ 44. Ke4 Qe1+ 45. Kf5 Rxc3 $19 )Qd1+ 42. Ke4 Qxd8 $19 )Kb8 39. R7xc3 (39. R1xc3 $2 {is the wrong capture.} a1=Q 40. Nxd8 Rg1+ 41. Kf3 (41. Kh2 $2 Rh1+ 42. Kg3 Qg1+ 43. Kf3 Rxh3+ 44. Ke4 Qe1+ 45. Kf5 Rxc3 $19 )Qd1+ 42. Ke4 Qxd8 $19 )a1=Q 40. Rb3+ Rxb3 41. Rxa1 {[%emt 0:50:2][%mdl 4096] Endgame KRR-KRN} Rd5 42. Nf8 Rd8 43. Ne6 Rd5 44. Rc1 Rb6 (44... Rxe5 45. Nd4 (45. Nc5 Rb7 $11 )Rb6 46. Nc6+ Rxc6 47. Rxc6 $18 )45. Nf8 Rd8 46. Nh7 Re6 47. Re1 Rd4 48. Nf6 Kc8 49. Re3 Kd8 50. Kg3 Ke7 51. Nh5 Rd5 52. f4 Kf7 53. Rf3 gxf4+ 54. Nxf4 Rdxe5 55. Nxe6+ Kxe6 {[%emt 0:0:0] KR-KR. White is a pawn up.} 56. Kh4 (56. Rf8 $5 )Ke7 {[%emt 0:0:0] Prevents Rf8} 57. Rf5 Re3 58. Rh5 Re6 59. Rf5 {[%emt 0:0:0] [#] And now Kh5 would win.} Re3 60. Rh5 Re6 {[%emt 0:0:0] Weighted Error Value: White=0.07 (flawless) /Black=0.07 (flawless)   Mistake:       	White=1     	Black=1      Inaccurate:     	White=6     	Black=6      OK:         	White=18    	Black=24     Best:        	White=4     	Black=6      Strong:       	White=2     	Black=1} 1/2-1/2

[Event "87th Tata Steel Masters 2025"]
[White "Sarana,Alexey"]
[Black "Mendonca,Leon Luke"]
[Site "Wijk aan Zee"]
[Round "13.7"]
[Annotator "RC"]
[Result "1/2-1/2"]
[Date "2025.02.02"]
[WhiteElo "2677"]
[BlackElo "2639"]
[PlyCount "94"]
[TimeControl "60"]

1. d4 Nf6 2. c4 e6 3. Nc3 Bb4 4. e3 O-O 5. Bd3 d5 6. a3 Bxc3+ 7. bxc3 dxc4 8. Bxc4 c5 9. Ne2 Qc7 10. Qc2 b6 11. f3 Bb7 12. Bd2 Nc6 13. Rc1 Rac8 14. Qb2 e5 15. e4 exd4 16. cxd4 cxd4 17. Bb5 Qd7 18. O-O Rfd8 19. Bg5 a6 20. Bxc6 Rxc6 21. Rxc6 Bxc6 22. Rd1 d3 23. Qxb6 h6 24. Bxf6 gxf6 25. Nf4 d2 26. Nd5 Bxd5 27. Rxd2 Qe7 28. h3 Rd7 29. Qb8+ Kh7 30. Rxd5 Rxd5 31. exd5 Qc5+ 32. Kh1 Qxd5 33. Qb6 Qe6 34. Qb4 Qd5 35. a4 a5 36. Qf4 Qe5 37. Qc4 Kg7 38. h4 Qe1+ 39. Kh2 Qb4 40. Qg4+ Qxg4 41. fxg4 Kg6 42. Kg3 f5 43. Kf4 fxg4 44. Kxg4 f5+ 45. Kf4 Kf6 46. g4 fxg4 47. Kxg4 Ke5 1/2-1/2